 Dungeon Crawl Stone Soup version 0.28-a0-1387-g3a22ab9bdc (webtiles) character file.

Game seed: 2873172509045520719

10665 Shayle the Grappler (level 11, -1/74 (88) HPs)
             Began as a Demonspawn Warper on Jan 2, 2022.
             Was a Follower of Qazlal.
             Slain by a spectral orc warrior (6 damage)
             ... summoned by Nergalle
             ... on level 1 of the Lair of Beasts.
             The game lasted 00:33:13 (12580 turns).

Shayle the Grappler (Demonspawn Warper)            Turns: 12580, Time: 00:33:14

HP:   -1/74 (88)    AC: 16    Str: 15    XL:     11   Next: 39%
MP:   13/19         EV:  9    Int: 15    God:    Qazlal [*.....]
Gold: 636           SH:  2    Dex: 13    Spells: 14/14 levels left

rFire   + + .      SeeInvis +     - Unarmed
rCold   + . .      Faith    .   (no shield)
rNeg    . . .      Spirit   .   f - +1 scale mail {rF+}
rPois   +          Reflect  .   r - +2 helmet
rElec   .          Harm     .   F - +0 cloak
rCorr   .          Rampage  .   (no gloves)
Will    .....                   e - +1 pair of boots
Stlth   ++........              (no amulet)
HPRegen 0.22/turn               k - ring of protection from fire
MPRegen 0.16/turn               a - ring "Obihekie" {Drain rPois rC+ SInv Stlth+}

@: heavily drained
A: rugged brown scales 2, powered by death 1, demonic touch 2
a: Renounce Religion


You were on level 1 of the Lair of Beasts.
You worshipped Qazlal.
Qazlal was aware of your devotion.
You visited 3 branches of the dungeon, and saw 13 of its levels.

You collected 636 gold pieces.

Inventory:

Hand Weapons
 g - a +2 whip of freezing
 i - a +0 antimagic dagger
 l - a +2 short sword of freezing
 q - a +6 mace of protection
 G - a +2 vorpal flail
Missiles
 d - 2 silver boomerangs
 j - 2 boomerangs
 y - a curare-tipped dart (quivered)
Armour
 b - a +1 leather armour
 e - a +1 pair of boots (worn)
 f - a +1 scale mail of fire resistance (worn)
 r - a +2 helmet (worn)
 F - a +0 cloak (worn)
Jewellery
 a - the ring "Obihekie" (right hand) {Drain rPois rC+ SInv Stlth+}
   (You acquired it on level 1 of the Lair of Beasts)

   [ring of protection from cold]

   rC:        It protects you from cold.
   rPois:     It protects you from poison.
   SInv:      It lets you see invisible.
   Drain:     It drains your maximum health when unequipped.
   Stlth:     It makes you more stealthy.
 k - a ring of protection from fire (left hand)
 s - a ring of magical power
 E - a ring of willpower
Wands
 o - a wand of iceblast (1)
 v - a wand of flame (22)
Scrolls
 c - 2 scrolls of blinking
 p - a scroll of magic mapping
Potions
 m - 2 potions of might
 n - 2 potions of mutation
 u - 6 potions of curing
 w - a potion of lignification
 x - a potion of resistance
 z - 2 potions of brilliance
 A - a potion of flight {unknown}
 B - 2 potions of cancellation
 C - a potion of berserk rage


   Skills:
 + Level 7.4 Fighting
 - Level 1.7 Axes
 - Level 0.8 Throwing
 + Level 3.4 Armour
 - Level 1.7 Dodging
 - Level 5.3 Stealth
 * Level 11.6 Unarmed Combat
 - Level 2.0 Spellcasting
 - Level 2.6 Translocations
 + Level 10.9 Invocations


You had 14 spell levels left.
You didn't know any spells.
Your spell library contained the following spells:

 Spells                   Type           Power      Damage    Failure   Level
 Apportation              Tloc           18%        N/A       26%         1
 Blink                    Tloc           18%        N/A       38%         2
 Gell's Gravitas          Tloc           9%         N/A       63%         3
 Lesser Beckoning         Tloc           9%         N/A       63%         3
 Teleport Other           Tloc           9%         N/A       63%         3
 Alistair's Intoxication  Tmut/Pois      0%         N/A       100%        5
 Manifold Assault         Tloc           9%         N/A       100%        5


Dungeon Overview and Level Annotations

Branches:
Dungeon (10/15)            Temple (1/1) D:4            Lair (2/6) D:10
  Swamp: Lair:2-4    Shoals: Lair:2-4     Snake: Lair:2-4    Spider: Lair:2-4
    Orc: D:9-12

Altars:
Ashenzari
Cheibriados
Dithmenos
Elyvilon
Fedhas
Gozag
Hepliaklqana
Kikubaaqudgha
Makhleb
Nemelex Xobeh
Okawaru
Qazlal
Ru
Sif Muna
Trog
Uskayaw
Vehumet
Wu Jian
Xom
Yredelemnul
Zin
The Shining One

Shops:
D:6 :

Annotations:
Lair:1 Nergalle


Innate Abilities, Weirdness & Mutations

You are mostly covered in rugged brown scales. (AC +2, +5% HP)
You regenerate a little health from kills.
Your touch may inflict irresistible damage on your foes.


Message History

You feel drained.
The spectral orc warrior hits you with a +0 battleaxe!
You feel drained.
You hit Nergalle. Your touch misses Nergalle.
Nergalle is severely wounded.
Nergalle shouts, "Kill, kill, my pretties!"
Nergalle hits you with a +0 dagger.
The spectral orc warrior hits you from afar with a +0 halberd.
Unknown command.
You hit Nergalle but do no damage.
Nergalle is severely wounded.
The spectral orc warrior hits you but does no damage.
Nergalle misses you.
Unknown command.
You completely miss Nergalle.
Nergalle is severely wounded.
The spectral orc warrior misses you.
The spectral orc warrior hits you with a +0 battleaxe.
Unknown command.
You hit Nergalle but do no damage.
Nergalle is severely wounded.
Nergalle points at you and mumbles some strange words.
Orcish apparitions take form around you.
The spectral orc warrior closely misses you.
The spectral orc warrior hits you with a +0 battleaxe.
You feel drained.
You punch Nergalle!
Nergalle is almost dead.
Nergalle casts a spell at the spectral orc warrior.
The spectral orc warrior seems to speed up.
The spectral orc warrior hits you from afar with a +0 halberd.
You feel drained.
The spectral orc warrior closely misses you.
You barely miss Nergalle.
You touch Nergalle.
Nergalle is almost dead.
Nergalle gestures at you while chanting.
The bolt of negative energy hits you!!
You feel drained.
* * * LOW HITPOINT WARNING * * *
The spectral orc warrior hits you with a +0 battleaxe.
You die...

## ### ######
.##.#########P####.##.##
........................
........................
.[......................
........................
......○@°...............
.....ZoZZ)..............
.......Z.Z..............
........................
........................
........................
........................
####..##$.#.##....#..###
#....####


You could see Nergalle and 5 spectral orc warriors.

Vanquished Creatures
  Harold (Lair:1)
  3 hydras (Lair:2)
  2 two-headed ogres
  Pikel (D:8)
  An ugly thing (D:9)
  Maurice (D:8)
  A centaur zombie (D:7)
  A cane toad (Lair:1)
  2 rime drakes (Lair:2)
  A troll (D:10)
  Prince Ribbit (D:7)
  A shadow (D:10)
  A yak (Lair:2)
  A wyvern (D:8)
  2 vampire mosquitoes (Lair:1)
  Menkaure (D:4)
  2 water moccasins
  2 orc warriors
  An ice beast (D:4)
  3 ogres
  4 centaurs
  A lemure (D:8)
  2 kobold brigands (D:8)
  2 phantoms
  Blork the orc (D:4)
  11 bullfrogs
  4 scorpions
  A vampire bat (D:10)
  10 wights (D:8)
  2 howler monkeys (D:8)
  A bullfrog zombie (D:6)
  4 orc priests
  A gnoll shaman (D:6)
  4 iguanas
  2 orc wizards (D:8)
  A killer bee zombie (D:8)
  A hound zombie (D:5)
  A hound skeleton (D:4)
  2 howler monkey zombies
  Robin (D:2)
  10 adders
  4 gnolls
  A shadow imp (D:7)
  3 dart slugs
  2 worms (D:2)
  16 orcs
  11 ball pythons
  3 bat skeletons (D:10)
  3 bat zombies (D:10)
  7 endoplasms
  3 giant cockroaches
  16 goblins
  9 hobgoblins
  8 jackals
  3 quokkas
  16 bats
  2 frilled lizards
  18 kobolds
  5 rats
225 creatures vanquished.

Vanquished Creatures (others)
  5 fungi
  4 plants
  A withered plant (D:1)
10 creatures vanquished.

Grand Total: 235 creatures vanquished

Notes
Turn   | Place    | Note
-------+----------+-------------------------------------------
     0 | D:1      | Shayle the Demonspawn Warper began the quest for the Orb.
     0 | D:1      | Reached XP level 1. HP: 16/16 MP: 3/3
   244 | D:1      | Reached skill level 1 in Stealth
   289 | D:1      | Gained mutation: You are partially covered in rugged brown
                  | scales. (AC +1, +3% HP) [demonic ancestry]
   289 | D:1      | Reached XP level 2. HP: 13/22 MP: 5/5
   803 | D:1      | Gained mutation: Your touch may inflict minor irresistible
                  | damage on your foes. [demonic ancestry]
   803 | D:1      | Reached XP level 3. HP: 27/27 MP: 6/6
   994 | D:1      | Found a faded altar of an unknown god.
  1648 | D:2      | Reached skill level 1 in Unarmed Combat
  1887 | D:2      | Gained mutation: Your touch may inflict irresistible damage
                  | on your foes. [demonic ancestry]
  1887 | D:2      | Reached XP level 4. HP: 11/33 MP: 7/7
  2286 | D:2      | Noticed Robin
  2297 | D:2      | Killed Robin
  2876 | D:3      | Reached skill level 2 in Unarmed Combat
  3460 | D:4      | Noticed Menkaure
  3653 | D:3      | Reached XP level 5. HP: 39/39 MP: 8/8
  3889 | D:5      | Entered Level 5 of the Dungeon
  3907 | D:5      | Noticed an ogre
  3915 | D:5      | Killed an ogre
  3942 | D:4      | Killed Menkaure
  3943 | D:4      | Reached skill level 3 in Unarmed Combat
  3943 | D:4      | Reached XP level 6. HP: 24/45 MP: 9/9
  4113 | D:4      | Noticed Blork the orc
  4123 | D:4      | Killed Blork the orc
  4124 | D:4      | Reached skill level 5 in Stealth
  4193 | D:4      | Found a staircase to the Ecumenical Temple.
  4200 | Temple   | Entered the Ecumenical Temple
  4243 | Temple   | Became a worshipper of Qazlal Stormbringer
  4396 | D:4      | Reached skill level 4 in Unarmed Combat
  4396 | D:4      | Reached skill level 1 in Invocations
  4396 | D:4      | Reached XP level 7. HP: 44/51 MP: 10/10
  4638 | D:4      | Reached skill level 5 in Unarmed Combat
  5587 | D:5      | Reached skill level 6 in Unarmed Combat
  5587 | D:5      | Gained mutation: You are mostly covered in rugged brown
                  | scales. (AC +2, +5% HP) [demonic ancestry]
  5587 | D:5      | Reached XP level 8. HP: 37/58 MP: 11/11
  6198 | D:6      | Reached skill level 5 in Invocations
  6387 | D:6      | Reached * piety under Qazlal
  6475 | D:6      | Reached skill level 7 in Unarmed Combat
  6641 | D:6      | Found Qoseot's Book Shoppe.
  7453 | D:7      | Reached XP level 9. HP: 54/67 MP: 13/13
  7763 | D:7      | Noticed Prince Ribbit
  7775 | D:7      | Reached skill level 8 in Unarmed Combat
  7786 | D:7      | Killed Prince Ribbit
  8207 | D:8      | Found a shadowy altar of Dithmenos.
  8324 | D:8      | Noticed Maurice
  8339 | D:8      | Paralysed by Maurice for 5 turns
  8344 | D:8      | Killed Maurice
  8652 | D:8      | Reached skill level 9 in Unarmed Combat
  8726 | D:8      | Reached ** piety under Qazlal
  8756 | D:8      | Noticed Pikel
  9011 | D:8      | Reached skill level 5 in Fighting
  9473 | D:8      | Killed Pikel
  9474 | D:8      | Gained mutation: You regenerate a little health from kills.
                  | [demonic ancestry]
  9474 | D:8      | Reached XP level 10. HP: 77/77 MP: 12/16
  9920 | D:9      | Noticed a two-headed ogre
  9931 | D:9      | Killed a two-headed ogre
  9932 | D:9      | Reached skill level 10 in Unarmed Combat
 10125 | D:9      | Noticed a brown ugly thing
 10143 | D:9      | Killed a brown ugly thing
 10654 | D:10     | Entered Level 10 of the Dungeon
 10715 | D:10     | Found a staircase to the Lair.
 10929 | D:10     | Found an ancient bone altar of Kikubaaqudgha.
 11052 | D:10     | Noticed a two-headed ogre
 11065 | D:10     | Killed a two-headed ogre
 11066 | D:10     | Reached skill level 1 in Armour
 11089 | Lair:1   | Entered Level 1 of the Lair of Beasts
 11100 | Lair:1   | Reached skill level 10 in Invocations
 11414 | Lair:1   | Noticed a cane toad
 11426 | Lair:1   | Killed a cane toad
 11427 | Lair:1   | Reached skill level 11 in Unarmed Combat
 11713 | Lair:1   | Noticed a five-headed hydra
 11715 | Lair:1   | Noticed Harold
 11735 | Lair:2   | Killed a five-headed hydra
 11736 | Lair:2   | Reached XP level 11. HP: 67/87 MP: 14/18
 12021 | Lair:2   | Noticed a five-headed hydra
 12032 | Lair:2   | Killed a five-headed hydra
 12323 | Lair:2   | Noticed an eight-headed hydra
 12330 | Lair:2   | Killed an eight-headed hydra
 12538 | Lair:1   | Identified a scroll of acquirement
 12538 | Lair:1   | Acquired the ring "Obihekie" {Drain rPois rC+ SInv Stlth+}
 12557 | Lair:1   | Killed Harold
 12558 | Lair:1   | Noticed Nergalle
 12580 | Lair:1   | Slain by a spectral orc warrior

Illustrated notes

Levels and vault maps discovered:
D:1:      beargit_arrival_diablo_church, layout_basic,
          ebering_ecumenical_altar_petrified
D:2:      layout_loops_ring, uniq_robin
D:3:      layout_basic
D:4:      layout_loops_cross, minmay_temple_entry_proselytizer, st_stairs_12,
          corexii_checkpoint_b, uniq_menkaure, uniq_blork_the_orc
D:5:      old_forge, layout_gridville
D:6:      layout_rooms, serial_shops, shop, hangedman_decor_growths
D:7:      layout_basic, uniq_prince_ribbit1
D:8:      layout_gridville, grunt_dithmenos_smoke,
          chequers_temple_overflow_statue_of_worship, kennysheep_generic_room_8,
          uniq_pikel, uniq_maurice
D:9:      layout_roguey
D:10:     layout_grid_maze, kennysheep_vampire_church, lair_entry_dummy
Temple:   compressed_dpeg_circular_temple
Lair:1:   layout_long_grid, grunt_megastairs_2, serial_bayou_shore_b,
          uniq_harold, uniq_nergalle
Lair:2:   layout_regular_city, guppyfry_snake_entry_garden,
          chequers_serial_rivers_marsh, fungi_pond_lemuel,
          nicolae_quartered_pool_impasse

Skill      XL: |  1  2  3  4  5  6  7  8  9 10 11 |
---------------+----------------------------------+-----
Stealth        | 1 2 3 4 5 |  5.3
Unarmed Combat | 1 2 3 4 6 7 9 11 | 11.6
Invocations    | 1 4 6 8 10 | 10.9
Fighting       | 3 5 6 7 |  7.4
Armour         | 2 3 |  3.4
Axes           | |  1.7
Throwing       | |  0.8
Dodging        | |  1.7
Spellcasting   | |  2.0
Translocations | |  2.6

Action                   |  1- 3 |  4- 6 |  7- 9 | 10-12 || total
-------------------------+-------+-------+-------+-------++-------
Melee: Hand axe          |   134 |     3 |       |       ||   137
       Touch             |     8 |    14 |    44 |    40 ||   106
       Mace              |       |    86 |   304 |   105 ||   495
       Short sword       |       |    20 |       |       ||    20
       Punch             |       |       |    10 |     1 ||    11
       Unarmed           |       |       |       |    60 ||    60
Throw: Boomerang         |       |     3 |     2 |       ||     5
       Dart              |       |       |     4 |     4 ||     8
Invok: Upheaval          |       |       |     1 |     5 ||     6
Evoke: Wand              |       |    12 |    25 |    24 ||    61
  Use: Scroll            |     1 |     6 |    12 |     8 ||    27
       Potion            |       |       |     3 |     5 ||     8
 Stab: Sleeping          |     4 |       |     3 |       ||     7
       Paralysed         |       |       |       |     2 ||     2
Armor: Leather armour    |    38 |    14 |       |       ||    52
       Scale mail        |       |    57 |   310 |   139 ||   506
       Skin              |       |       |    38 |     6 ||    44
Dodge: Dodged            |    95 |    68 |   199 |   118 ||   480
Block: Other             |       |       |    19 |    38 ||    57

Table legend: (Time is in decaauts)
 A = Elapsed time spent in this place.
 B = Non-inter-level travel time spent in this place.
 C = Inter-level travel time spent in this place.
 D = Time resting spent in this place.
 E = Time spent auto-exploring this place.
 F = Levels seen in this place.
 G = Mean time per level.
                   A        B        C        D        E       F      G
               +--------+--------+--------+--------+--------+-----+--------+
         Total |  12796 |  12370 |    426 |   3542 |   5760 |  13 |  984.3 |
       Dungeon |  11243 |  10840 |    403 |   2697 |   5389 |  10 | 1124.3 |
        Temple |     67 |     44 |     23 |      0 |      0 |   1 |   67.0 |
          Lair |   1484 |   1484 |      0 |    845 |    371 |   2 |  742.0 |
               +--------+--------+--------+--------+--------+-----+--------+

Top non-repeatable levels by time:
     D:8: 1521 daAuts
     D:5: 1496 daAuts
     D:7: 1463 daAuts
     D:2: 1424 daAuts
     D:1: 1242 daAuts
     D:3: 1079 daAuts
     D:4: 1054 daAuts
     D:9: 874 daAuts
  Lair:1: 795 daAuts
  Lair:2: 689 daAuts
     D:6: 641 daAuts
    D:10: 446 daAuts
  Temple: 67 daAuts
